 Dungeon Crawl Stone Soup version 0.29.0-11-gd7f09526c8 (webtiles) character file.

Game seed: 9693263543494525835

3254 ImASeal the Thaumaturge (level 10, -2/69 HPs)
             Began as a Djinni Fire Elementalist on Sept 5, 2022.
             Was a Follower of Makhleb.
             Slain by a boulder beetle (13 damage)
             ... on level 6 of the Dungeon.
             The game lasted 00:28:02 (11180 turns).

ImASeal the Thaumaturge (Djinni Fire Elementalist) Turns: 11180, Time: 00:28:03

Health: -2/69      AC:  8    Str:  7    XL:     10   Next: 19%
Gold:   453        EV: 12    Int: 22    God:    Makhleb [*.....] SH:  0 Dex: 13

rFire   + + .      SeeInvis .   e - staff of fire
rCold   . . .      Faith    +   f - orb {light}
rNeg    . . .      Spirit   .   a - +0 robe
rPois   ∞          Reflect  .   (no helmet)
rElec   .          Harm     .   o - +1 cloak {Stlth+}
rCorr   .          Rampage  .   (no gloves)
Will    +....                   (boots unavailable)
Stlth   +.........              x - amulet of faith
HPRegen 0.21/turn               y - ring "Bucarebu" {Ice +Blink rPois}
MPRegen 0.00/turn               u - +4 ring of protection

@: flying, glowing
A: sickness immunity, fire resistance 2, cold vulnerability 1, float, innate
caster, HP casting, extra vitality 1
a: Renounce Religion, Evoke Blink


You were on level 6 of the Dungeon.
You worshipped Makhleb.
Makhleb was aware of your devotion.
You visited 2 branches of the dungeon, and saw 8 of its levels.

You collected 453 gold pieces.

Inventory:

Hand Weapons
 b - a +0 dagger
 n - a +3 quarterstaff of chaos
Missiles
 H - 2 throwing nets
Armour
 a - a +0 robe (worn)
 f - an orb of light (worn)
 o - a +1 cloak of stealth (worn)
Magical Staves
 e - a staff of fire (weapon)
 r - a staff of cold
 A - a staff of poison
Jewellery
 u - a +4 ring of protection (right hand)
 x - an amulet of faith (around neck)
 y - the ring "Bucarebu" (left hand) {Ice +Blink rPois}
   (You found it on level 4 of the Dungeon)

   [ring of ice]

   It enhances your ice magic.
   rF:        It makes you vulnerable to fire.
   rC:        It protects you from cold.
   rPois:     It protects you from poison.
   +Blink:    It lets you blink.
Wands
 q - a wand of iceblast (13)
 B - a wand of paralysis (11) (quivered)
 C - a wand of digging (1)
 J - a wand of quicksilver (7)
Scrolls
 c - a scroll of silence
 d - a scroll of amnesia
 h - 4 scrolls of identify
 i - 4 scrolls of butterflies
 w - a scroll of enchant armour {unknown}
 z - 4 scrolls of fear {unknown}
 D - a scroll of teleportation {unknown}
 E - a scroll of magic mapping {unknown}
 I - 2 scrolls of immolation {unknown}
 K - a scroll of blinking {unknown}
Potions
 g - 2 potions of magic
 j - 2 potions of haste
 k - 2 potions of flight
 l - 4 potions of curing
 m - a potion of attraction
 p - 2 potions of heal wounds
 s - a potion of ambrosia {unknown}
 t - a potion of brilliance {unknown}
 v - 3 potions of berserk rage {unknown}
 F - a potion of lignification {unknown}
 G - a potion of mutation {unknown}


   Skills:
 * Level 4.6 Fighting
 - Level 2.2 Dodging
 - Level 1.6 Stealth
 * Level 10.1 Spellcasting
 + Level 1.3 Evocations


You had 7 spell levels left.
You knew the following spells:

 Your Spells              Type           Power      Damage    Failure   Level
a - Foxfire               Conj/Fire      100%       2x1d9     1%          1
b - Scorch                Fire           100%       2d10      1%          2
c - Conjure Flame         Conj/Fire      71%        6-21      1%          3
d - Inner Flame           Hex/Fire       71%        N/A       1%          3
e - Flame Wave            Conj/Fire      71%        2d16      1%          4
f - Magic Dart            Conj           100%       1d8       1%          1
g - Passwall              Tmut/Erth      45%        N/A       1%          2
h - Ignite Poison         Fire/Tmut/Pois 71%        N/A       1%          3
i - Call Canine Familiar  Summ           54%        N/A       1%          3
Your spell library was empty.

Dungeon Overview and Level Annotations

Branches:
Dungeon (7/15)             Temple (1/1) D:5

Altars:
Cheibriados
Dithmenos
Elyvilon
Gozag
Hepliaklqana
Makhleb
Nemelex Xobeh
Okawaru
Qazlal
Ru
Trog
Uskayaw
Wu Jian
Xom
Yredelemnul
Zin

Shops:
D:3 (   D:4 :


Innate Abilities, Weirdness & Mutations

You are immune to sickness and miasma.
You are immune to poison.
Your flesh is very heat resistant. (rF++)
You are vulnerable to cold. (rC-)
You float through the air rather than walking.
You learn spells naturally, not from books.
Your magical power is your life essence.
You have superior vitality. (+4 MHP)


Message History

Confirm with . or Enter, or press ? or * to list all spells.
You feel a surge of power!
You conjure some foxfire!
* * * LOW HITPOINT WARNING * * *
You feel stable enough to blink again.
The boulder beetle is no longer more vulnerable to fire.
Casting: Foxfire (safe; 1% risk of failure)
Confirm with . or Enter, or press ? or * to list all spells.
You feel a surge of power!
You conjure some foxfire!
* * * LOW HITPOINT WARNING * * *
The foxfire hits the boulder beetle but does no damage.
The boulder beetle is lightly wounded.
The foxfire hits the boulder beetle!
The boulder beetle is lightly wounded.
Casting: Foxfire (safe; 1% risk of failure)
Confirm with . or Enter, or press ? or * to list all spells.
You feel a surge of power!
You conjure some foxfire!
* * * LOW HITPOINT WARNING * * *
Your foxfire dissipates!
There is an open door here.
Your foxfire dissipates!
You start resting.
A boulder beetle is nearby!
Casting: Foxfire (safe; 1% risk of failure)
Confirm with . or Enter, or press ? or * to list all spells.
You feel a surge of power!
You conjure some foxfire!
* * * LOW HITPOINT WARNING * * *
Casting: Foxfire (safe; 1% risk of failure)
Confirm with . or Enter, or press ? or * to list all spells.
You feel a surge of power!
You conjure some foxfire!
* * * LOW HITPOINT WARNING * * *
The boulder beetle leaps!
Aiming: Paralyse
Press: ? - help, Shift-Dir - straight line, f/p - boulder beetle
Aim: a boulder beetle (wisps of flame, ally target, haloed, chance to affect: 34%)
The boulder beetle easily resists.
The foxfire hits the boulder beetle but does no damage. x3
The foxfire hits the boulder beetle.
The boulder beetle is lightly wounded.
The boulder beetle bites you!
You die...

.....)).'.........+..............
.....####......<..####...#.######
.....# ##......################
.....# ##....##..............##
.....# ##..##..§............'.
.##### ####..§§............## .#
#..§§############### .# ###..§##
.# #.#..@§############## .#
##.##B.§.............## .#
#...##§§§§..○........'. .#
##...##..............## .########
#..#.################
........####.##.##.#
#######.........##.#
######.#####.# #.......#


You could see a boulder beetle.

Vanquished Creatures
  The ghost of unrecovered the Covert, a novice FoEE of Nemelex Xobeh (D:6)
  Pikel (D:7)
  The ghost of dandone the Chopper, a novice GrFi (D:3)
  Menkaure (D:7)
  2 ice beasts (D:7)
  A black bear (D:6)
  A sky beast (D:7)
  An ogre (D:6)
  A lemure (D:7)
  A phantom (D:5)
  4 bullfrogs
  2 necrophages
  A scorpion (D:6)
  6 killer bees (D:7)
  A howler monkey (D:6)
  3 jellies
  2 hounds
  2 orc priests (D:6)
  Crazy Yiuf (D:2)
  3 iguanas
  5 orc wizards
  4 gnolls (D:6)
  7 adders
  A white imp (D:6)
  2 worms
  3 dart slugs
  16 orcs
  4 endoplasms
  7 giant cockroaches
  A goblin (D:2)
  9 hobgoblins
  7 jackals
  2 quokkas
  4 ball pythons
  A ball python zombie (D:3)
  5 bats
  7 kobolds
  A quokka zombie (D:3)
  5 rats
127 creatures vanquished.

Vanquished Creatures (collateral kills)
  4 foxfires (D:2)
4 creatures vanquished.

Vanquished Creatures (others)
  336 foxfires
  A fungus (D:2)
337 creatures vanquished.

Grand Total: 468 creatures vanquished

Notes
Turn   | Place    | Note
-------+----------+-------------------------------------------
     0 | D:1      | ImASeal the Djinni Fire Elementalist began the quest for
                  | the Orb.
     0 | D:1      | ImASeal set off with the following spells memorised:
                  | Foxfire, Scorch, Conjure Flame, Inner Flame, Flame Wave.
     0 | D:1      | Reached XP level 1. HP: 15/15 MP: 0/0
   174 | D:1      | Reached XP level 2. HP: 6/21 MP: 0/0
  1204 | D:1      | Reached skill level 3 in Spellcasting
  1328 | D:1      | Reached XP level 3. HP: 8/26 MP: 0/0
  1328 | D:1      | Learned a level 1 spell: Magic Dart
  1927 | D:2      | Reached skill level 1 in Fighting
  2438 | D:2      | Reached XP level 4. HP: 30/32 MP: 0/0
  3455 | D:2      | Found a runed translucent door.
  3456 | D:2      | Noticed Crazy Yiuf
  3474 | D:2      | Killed Crazy Yiuf
  3475 | D:2      | Reached XP level 5. HP: 16/37 MP: 0/0
  3475 | D:2      | Learned a level 2 spell: Passwall
  3963 | D:3      | Found a runed translucent gate.
  3963 | D:3      | Found a runed translucent gate.
  3963 | D:3      | Found a runed translucent gate.
  3963 | D:3      | Noticed dandone's ghost (novice GrFi)
  4032 | D:3      | Found a basalt altar of Yredelemnul.
  4068 | D:3      | Reached skill level 4 in Spellcasting
  4132 | D:3      | Found Farraq's Antique Weapon Emporium.
  4410 | D:3      | Found a faded altar of an unknown god.
  5027 | D:4      | Reached XP level 6. HP: 32/43 MP: 0/0
  5273 | D:4      | Found a bloodstained altar of Trog.
  5579 | D:4      | Found Tiuty's Self-Improvement Boutique.
  5688 | D:4      | Reached skill level 5 in Spellcasting
  5808 | D:4      | Found an ornate altar of the Wu Jian Council.
  5864 | D:4      | Identified the ring "Bucarebu" {Ice +Blink rPois}
  6155 | D:5      | Entered Level 5 of the Dungeon
  6168 | D:5      | Reached XP level 7. HP: 46/49 MP: 0/0
  6168 | D:5      | Learned a level 3 spell: Ignite Poison
  6406 | D:5      | Found a staircase to the Ecumenical Temple.
  6415 | Temple   | Entered the Ecumenical Temple
  6455 | Temple   | Became a worshipper of Makhleb the Destroyer
  6677 | D:5      | Found a hide-covered altar of Uskayaw.
  6971 | D:5      | Found a stormy altar of Qazlal.
  6972 | D:5      | Reached skill level 6 in Spellcasting
  7534 | D:6      | Found an opulent altar of Gozag.
  7573 | D:6      | Reached XP level 8. HP: 50/56 MP: 0/0
  7606 | D:6      | Found a runed translucent door.
  7612 | D:6      | Noticed unrecovered's ghost (novice FoEE)
  7952 | D:6      | Reached * piety under Makhleb
  8127 | D:6      | Reached skill level 7 in Spellcasting
  8223 | D:6      | Noticed a boulder beetle
  8741 | D:6      | Found a glowing silver altar of Zin.
  9223 | D:6      | Found a snail-covered altar of Cheibriados.
  9522 | D:7      | Reached XP level 9. HP: 56/61 MP: 0/0
  9522 | D:7      | Learned a level 3 spell: Call Canine Familiar
  9592 | D:7      | Reached skill level 8 in Spellcasting
  9683 | D:7      | Found a hazy altar of Hepliaklqana.
  9912 | D:7      | Found a hazy altar of Hepliaklqana.
  9912 | D:7      | Found a sparkling altar of Nemelex Xobeh.
  9914 | D:7      | Found a snail-covered altar of Cheibriados.
  9914 | D:7      | Found a white marble altar of Elyvilon.
  9914 | D:7      | Found a shimmering altar of Xom.
  9931 | D:7      | Noticed Pikel
  9973 | D:7      | Killed Pikel
  9974 | D:7      | Reached skill level 9 in Spellcasting
  9974 | D:7      | Reached skill level 1 in Evocations
 10127 | D:7      | Noticed Menkaure
 10131 | D:7      | Killed Menkaure
 10187 | D:7      | Found a sacrificial altar of Ru.
 10458 | D:3      | Killed dandone's ghost
 10986 | D:6      | Killed unrecovered's ghost
 10987 | D:6      | Reached skill level 10 in Spellcasting
 10987 | D:6      | Reached XP level 10. HP: 56/69 MP: 0/0
 11180 | D:6      | Slain by a boulder beetle

Illustrated notes

Levels and vault maps discovered:
D:1:      psy_arrival_radial01, layout_basic, serial_aquarium,
          aquarium_bridge_square [aquarium_subvault_wall,
          aquarium_subvault_bridge, aquarium_subvault_bridge,
          aquarium_subvault_bridge], aquarium_window_1, aquarium_window_corner,
          aquarium_view_2c, aquarium_view_2c, st_stairs_2
D:2:      layout_loops_ring, uniq_crazy_yiuf_cottage
D:3:      layout_basic, nicolae_yredelemnul_ghost_church,
          ebering_ecumenical_altar_hall, serial_shops,
          nicolae_shop_window_shopping
D:4:      layout_cave_pools, amcnicky_altar_gilded, kennysheep_mini,
          nicolae_wu_jian_wuxing_cycle, nicolae_shop_self_help
D:5:      layout_loops_ring, kiku_gazebo_pond_becter, old_standard_altar,
          nicolae_qazlal_eye_of_the_storm, lemuel_temple_firewalk_b
D:6:      layout_loops_corners, pdpol_temple_overflow_zin_treasury_gozag_greed,
          marbit_many_paths, ebering_ghost_sewer_d, serial_bayou_pond_a,
          nrook_uturn
D:7:      layout_rooms, doesnt_xom_only_xom, nicolae_ru_path_of_blood,
          minivault_19, uniq_menkaure, uniq_pikel
Temple:   hellmonk_temple_micro_hex

Skill      XL: |  1  2  3  4  5  6  7  8  9 |
---------------+----------------------------+-----
Spellcasting   | 3 4 5 6 7 10 | 10.1
Fighting       | 1 2 3 4 |  4.6
Evocations     | 1 |  1.3
Dodging        | |  2.2
Stealth        | |  1.6

Action                   |  1- 3 |  4- 6 |  7- 9 | 10-12 || total
-------------------------+-------+-------+-------+-------++-------
Melee: Dagger            |    14 |       |       |       ||    14
       Staff             |    43 |   103 |    48 |       ||   194
 Cast: Foxfire           |    33 |   109 |    84 |     9 ||   235
       Scorch            |     2 |    12 |    52 |     3 ||    69
       Inner Flame       |       |       |     6 |       ||     6
       Passwall          |       |       |     1 |       ||     1
 Abil: Evoke Blink       |       |     2 |     3 |     1 ||     6
Evoke: Wand              |       |       |       |     2 ||     2
  Use: Scroll            |       |     8 |       |       ||     8
 Stab: Sleeping          |     1 |     1 |       |       ||     2
Armor: Robe              |    14 |    27 |    29 |       ||    70
Dodge: Dodged            |    50 |    81 |    58 |     2 ||   191
